| TOP OF THE 1ST |
|
Birmingham Barons batting - Pitching for Jacksonville Suns : LHP Brad Havens
|
|
Pitching: LHP Brad Havens
|
|
|
Batting: RHB Robin Townley
|
0-0: Called Strike 0-1: Foul Ball, location: 2F 0-2: SINGLE (Line Drive, 9LS, EV 94.4 MPH)
|
|
Batting: LHB Mike L Hart
|
0-0: Ball Robin Townley is caught stealing 2nd base 2-6 1-0: Swinging Strike 1-1: Swinging Strike 1-2: Foul Ball, location: 2F 1-2: Strikes out swinging
|
|
Batting: RHB Alfred Welch
|
0-0: Foul Ball, location: 2F 0-1: SINGLE (Groundball, 4MD, EV 108.1 MPH)
|
|
Batting: LHB Claude Sammons
|
0-0: Called Strike 0-1: Called Strike 0-2: Strikes out swinging
|
| Top of the 1st over - 0 runs, 2 hits, 0 errors, 1 left on base; Birmingham 0 - Jacksonville 0 |
| BOTTOM OF THE 1ST |
|
Jacksonville Suns batting - Pitching for Birmingham Barons : RHP Gregory Kastner
|
|
Pitching: RHP Gregory Kastner
|
|
|
Batting: RHB Lyle Brackenridge
|
0-0: Called Strike 0-1: Ball 1-1: Foul Ball, location: 2F 1-2: Ball 2-2: Foul Ball, location: 2F 2-2: Foul Ball, location: 2F 2-2: Ball 3-2: Ground out 6-3 (Groundball, 56, EV 102.5 MPH)
|
|
Batting: RHB David Hoyt
|
0-0: Ball 1-0: Ball 2-0: Ball 3-0: Base on Balls
|
|
Batting: LHB Pete M O'Brien
|
0-0: Called Strike David Hoyt steals 2nd base (no throw) 0-1: Ground out 6-3 (Groundball, 6, EV 85.6 MPH) David Hoyt to third
|
|
Batting: RHB Edward Packard
|
0-0: Called Strike 0-1: Ball 1-1: Foul Ball, location: 2F 1-2: Fly out, F9 (Flyball, 9S, EV 88.8 MPH)
|
| Bottom of the 1st over - 0 runs, 0 hits, 0 errors, 1 left on base; Birmingham 0 - Jacksonville 0 |
| TOP OF THE 2ND |
|
Birmingham Barons batting - Pitching for Jacksonville Suns : LHP Brad Havens
|
|
Batting: RHB Jordan Arredondo
|
0-0: Ball 1-0: Called Strike 1-1: Fly out, F4 (Popup, 4M, EV 72.5 MPH)
|
|
Batting: LHB Vernon Ramie
|
0-0: Ball 1-0: Foul Ball, location: 2F 1-1: Foul Ball, location: 2F 1-2: Strikes out looking
|
|
Batting: RHB Nick Hernandez
|
0-0: Ball 1-0: Fly out, F7 (Flyball, 7LS, EV 93.8 MPH)
|
| Top of the 2nd over - 0 runs, 0 hits, 0 errors, 0 left on base; Birmingham 0 - Jacksonville 0 |
| BOTTOM OF THE 2ND |
|
Jacksonville Suns batting - Pitching for Birmingham Barons : RHP Gregory Kastner
|
|
Batting: RHB Adrian Monrreal
|
0-0: Ball 1-0: Ground out 6-3 (Groundball, 6, EV 82.5 MPH)
|
|
Batting: LHB Michael Kelly
|
0-0: Foul Ball, location: 2F 0-1: DOUBLE (Line Drive, 9D, EV 97.5 MPH)
|
|
Batting: LHB Charles Ross
|
0-0: Called Strike 0-1: Foul Ball, location: 2F 0-2: Ball 1-2: Ground out 6-3 (Groundball, 6, EV 89.4 MPH)
|
|
Batting: SHB Joe Morales
|
0-0: Ground out U3 (Groundball, 3, EV 93.8 MPH)
|
| Bottom of the 2nd over - 0 runs, 1 hit, 0 errors, 1 left on base; Birmingham 0 - Jacksonville 0 |
| TOP OF THE 3RD |
|
Birmingham Barons batting - Pitching for Jacksonville Suns : LHP Brad Havens
|
|
Batting: SHB Giampietro Pasquetto
|
0-0: Called Strike 0-1: Ball 1-1: Fly out, F4 (Popup, 13S, EV 86.3 MPH)
|
|
Batting: SHB James Wallace
|
0-0: Called Strike 0-1: Ball 1-1: Ball 2-1: Ball 3-1: Foul Ball, location: 2F 3-2: Fly out, F1 (Popup, P, EV 83.8 MPH)
|
|
Batting: RHB Robin Townley
|
0-0: Ball 1-0: Called Strike 1-1: Ball 2-1: Reached on error, E6 (Groundball, 6, EV 85.6 MPH)
|
|
Batting: LHB Mike L Hart
|
0-0: Called Strike 0-1: Ball 1-1: Ball 2-1: Fly out, F7 (Flyball, 7LS, EV 84.4 MPH)
|
| Top of the 3rd over - 0 runs, 0 hits, 1 error, 1 left on base; Birmingham 0 - Jacksonville 0 |
| BOTTOM OF THE 3RD |
|
Jacksonville Suns batting - Pitching for Birmingham Barons : RHP Gregory Kastner
|
|
Batting: RHB Mark Nocciolo
|
0-0: Called Strike 0-1: Foul Ball, location: 2F 0-2: Ball 1-2: Ball 2-2: Ball 3-2: Foul Ball, location: 2F 3-2: SINGLE (Line Drive, 7LS, EV 102.5 MPH)
|
|
Batting: RHB Lyle Brackenridge
|
0-0: Foul Ball, location: 2F 0-1: Ball 1-1: Ball Mark Nocciolo steals 2nd base 2-1: Ground out 4-3 (Groundball, 4S, EV 88.8 MPH) Mark Nocciolo to third
|
|
Batting: RHB David Hoyt
|
0-0: Foul Ball, location: 2F 0-1: Called Strike 0-2: Ball 1-2: Foul Ball, location: 2F 1-2: Ball 2-2: Ball 3-2: Base on Balls
|
|
Batting: LHB Pete M O'Brien
|
0-0: Ball 1-0: Ball 2-0: Called Strike 2-1: Ball 3-1: Base on Balls David Hoyt to second
|
|
Batting: RHB Edward Packard
|
0-0: Ball 1-0: Foul Ball, location: 2F 1-1: Foul Ball, location: 2F 1-2: Fly out, F7 (Flyball, 78D, EV 110.6 MPH) Runner from 3rd tags up, OUT at HOME! 7-2
|
| Bottom of the 3rd over - 0 runs, 1 hit, 0 errors, 2 left on base; Birmingham 0 - Jacksonville 0 |
| TOP OF THE 4TH |
|
Birmingham Barons batting - Pitching for Jacksonville Suns : LHP Brad Havens
|
|
Batting: RHB Alfred Welch
|
0-0: Foul Ball, location: 2F 0-1: Swinging Strike 0-2: Ball 1-2: Strikes out swinging
|
|
Batting: LHB Claude Sammons
|
0-0: Foul Ball, location: 2F 0-1: Ball 1-1: Foul Ball, location: 2F 1-2: Strikes out swinging, 2-3 out at first.
|
|
Batting: RHB Jordan Arredondo
|
0-0: Called Strike 0-1: Fly out, F3 (Popup, 3S, EV 75.6 MPH)
|
| Top of the 4th over - 0 runs, 0 hits, 0 errors, 0 left on base; Birmingham 0 - Jacksonville 0 |
| BOTTOM OF THE 4TH |
|
Jacksonville Suns batting - Pitching for Birmingham Barons : RHP Gregory Kastner
|
|
Batting: RHB Adrian Monrreal
|
0-0: Ball 1-0: Called Strike 1-1: Foul Ball, location: 2F 1-2: DOUBLE (Line Drive, 9LS, EV 97.5 MPH)
|
|
Batting: LHB Michael Kelly
|
0-0: Ball 1-0: Ball 2-0: Foul Ball, location: 2F 2-1: Called Strike 2-2: Ball 3-2: Foul Ball, location: 2F 3-2: Strikes out looking
|
|
Batting: LHB Charles Ross
|
0-0: Ball 1-0: Ball 2-0: Ball 3-0: Called Strike 3-1: Base on Balls
|
|
Batting: SHB Joe Morales
|
0-0: Ball 1-0: Fielders Choice at 2nd, 2-4 (Groundball, 2L, EV 72.5 MPH) Adrian Monrreal to third
|
|
Batting: RHB Mark Nocciolo
|
0-0: Called Strike 0-1: Ball 1-1: Swinging Strike 1-2: Strikes out looking
|
| Bottom of the 4th over - 0 runs, 1 hit, 0 errors, 2 left on base; Birmingham 0 - Jacksonville 0 |
| TOP OF THE 5TH |
|
Birmingham Barons batting - Pitching for Jacksonville Suns : LHP Brad Havens
|
|
Batting: LHB Vernon Ramie
|
0-0: Ball 1-0: Ball 2-0: Called Strike 2-1: Ball 3-1: Foul Ball, location: 2F 3-2: Strikes out swinging
|
|
Batting: RHB Nick Hernandez
|
0-0: Swinging Strike 0-1: Called Strike 0-2: Strikes out swinging
|
|
Batting: SHB Giampietro Pasquetto
|
0-0: Ball 1-0: SOLO HOME RUN (Flyball, 78XD, EV 97.5 MPH), Distance : 410 ft
|
|
Batting: SHB James Wallace
|
0-0: Ground out 6-3 (Groundball, 56, EV 105.6 MPH)
|
| Top of the 5th over - 1 run, 1 hit, 0 errors, 0 left on base; Birmingham 1 - Jacksonville 0 |
| BOTTOM OF THE 5TH |
|
Jacksonville Suns batting - Pitching for Birmingham Barons : RHP Gregory Kastner
|
|
Batting: RHB Lyle Brackenridge
|
0-0: Ball 1-0: DOUBLE (Line Drive, 3D, EV 104.4 MPH)
|
|
Batting: RHB David Hoyt
|
0-0: Ball 1-0: Ball 2-0: Called Strike 2-1: Ball Wild Pitch! Lyle Brackenridge to third 3-1: Base on Balls
|
|
Batting: LHB Pete M O'Brien
|
0-0: Ball 1-0: Called Strike 1-1: Fly out, F9 (Flyball, 89D, EV 85.0 MPH) Runner from 3rd tags up, SCORES, throw by RF
|
|
Batting: RHB Edward Packard
|
0-0: Ball 1-0: Ball 2-0: Ball 3-0: Called Strike 3-1: Base on Balls David Hoyt to second
|
|
Batting: RHB Adrian Monrreal
|
0-0: Swinging Strike 0-1: Ball 1-1: Swinging Strike 1-2: DOUBLE (Line Drive, 89D, EV 113.8 MPH) David Hoyt scores Edward Packard to third Runner from 3rd tries for Home, SAFE, no throw by CF
|
|
Batting: LHB Michael Kelly
|
0-0: Ball 1-0: Foul Ball, location: 2F 1-1: Ball 2-1: SINGLE (Flyball, 78S, EV 92.5 MPH) Adrian Monrreal to third
|
|
Batting: LHB Charles Ross
|
0-0: Foul Ball, location: 2F 0-1: Ball 1-1: Called Strike 1-2: Foul Ball, location: 2F 1-2: Grounds into double play, 4-6-3 (Groundball, 4, EV 89.4 MPH)
|
| Bottom of the 5th over - 3 runs, 3 hits, 0 errors, 1 left on base; Birmingham 1 - Jacksonville 3 |
| TOP OF THE 6TH |
|
Birmingham Barons batting - Pitching for Jacksonville Suns : LHP Brad Havens
|
|
Batting: RHB Robin Townley
|
0-0: Ball 1-0: Ground out 5-3 (Groundball, 56S, EV 93.1 MPH)
|
|
Batting: LHB Mike L Hart
|
0-0: Ball 1-0: Fly out, F8 (Flyball, 8LM, EV 90.6 MPH)
|
|
Batting: RHB Alfred Welch
|
0-0: Fly out, F8 (Flyball, 78D, EV 94.4 MPH)
|
| Top of the 6th over - 0 runs, 0 hits, 0 errors, 0 left on base; Birmingham 1 - Jacksonville 3 |
| BOTTOM OF THE 6TH |
|
Jacksonville Suns batting - Pitching for Birmingham Barons : RHP Gregory Kastner
|
|
Pitching: RHP Jim Gerlach
|
|
|
Batting: SHB Joe Morales
|
0-0: Ball 1-0: Ball 2-0: Ball 3-0: Base on Balls
|
|
Batting: RHB Mark Nocciolo
|
0-0: Swinging Strike 0-1: Ball Joe Morales steals 2nd base 1-1: Called Strike 1-2: Ball 2-2: Foul Ball, location: 2F 2-2: Foul Ball, location: 2F 2-2: Foul Ball, location: 2F 2-2: Foul Ball, location: 2F 2-2: Foul Ball, location: 2F 2-2: Ball 3-2: Fly out, F7 (Line Drive, 7D, EV 89.4 MPH) Runner from 2nd tags up, SAFE at 3rd, no throw by LF
|
|
Batting: RHB Lyle Brackenridge
|
0-0: Called Strike 0-1: Foul Ball, location: 2F 0-2: Ball 1-2: Ground out 5-3 (Groundball, 56, EV 80.6 MPH) Joe Morales scores
|
|
Batting: RHB David Hoyt
|
0-0: Ball 1-0: Foul Ball, location: 2F 1-1: Ball 2-1: Foul Ball, location: 2F 2-2: Foul Ball, location: 2F 2-2: Ball 3-2: Strikes out swinging
|
| Bottom of the 6th over - 1 run, 0 hits, 0 errors, 0 left on base; Birmingham 1 - Jacksonville 4 |
| TOP OF THE 7TH |
|
Birmingham Barons batting - Pitching for Jacksonville Suns : LHP Brad Havens
|
|
Batting: LHB Claude Sammons
|
0-0: Foul Ball, location: 2F 0-1: SOLO HOME RUN (Flyball, 9D, EV 98.8 MPH), Distance : 376 ft
|
|
Batting: RHB Jordan Arredondo
|
0-0: Foul Ball, location: 2F 0-1: Ball 1-1: Ball 2-1: Fly out, F7 (Flyball, 78D, EV 91.3 MPH)
|
|
Batting: LHB Vernon Ramie
|
0-0: Called Strike 0-1: Called Strike 0-2: Strikes out swinging
|
|
Batting: RHB Nick Hernandez
|
0-0: Ball 1-0: Called Strike 1-1: SINGLE (Groundball, 56S, EV 67.5 MPH) (infield hit)
|
|
Batting: SHB Giampietro Pasquetto
|
0-0: Called Strike 0-1: Fly out, F1 (Line Drive, P, EV 69.4 MPH)
|
| Top of the 7th over - 1 run, 2 hits, 0 errors, 1 left on base; Birmingham 2 - Jacksonville 4 |
| BOTTOM OF THE 7TH |
|
Jacksonville Suns batting - Pitching for Birmingham Barons : RHP Jim Gerlach
|
|
Batting: LHB Pete M O'Brien
|
0-0: SOLO HOME RUN (Flyball, 9LD, EV 100.0 MPH), Distance : 353 ft
|
|
Batting: RHB Edward Packard
|
0-0: Called Strike 0-1: Ground out 6-3 (Groundball, 6, EV 80.6 MPH)
|
|
Batting: RHB Adrian Monrreal
|
0-0: Ball 1-0: Ball 2-0: Ball 3-0: Called Strike 3-1: Reached on error, E1 (Groundball, 15, EV 85.6 MPH)
|
|
Pitching: LHP Randall Boyce
|
|
|
Batting: LHB Michael Kelly
|
0-0: Intentional Walk
|
|
Batting: LHB Charles Ross
|
0-0: Ball 1-0: 3-RUN HOME RUN (Flyball, 89XD, EV 101.3 MPH), Distance : 393 ft
|
|
Batting: SHB Joe Morales
|
0-0: Fly out, F8 (Flyball, 8RM, EV 84.4 MPH)
|
|
Batting: RHB Mark Nocciolo
|
0-0: Called Strike 0-1: Ball 1-1: Foul Ball, location: 2F 1-2: Strikes out swinging
|
| Bottom of the 7th over - 4 runs, 2 hits, 1 error, 0 left on base; Birmingham 2 - Jacksonville 8 |
| TOP OF THE 8TH |
|
Birmingham Barons batting - Pitching for Jacksonville Suns : LHP Brad Havens
|
|
Batting: SHB James Wallace
|
0-0: Foul Ball, location: 2F 0-1: Ball 1-1: Swinging Strike 1-2: Ball 2-2: Foul Ball, location: 2F 2-2: Ball 3-2: Strikes out looking
|
|
Batting: RHB Robin Townley
|
0-0: Called Strike 0-1: Ball 1-1: Ball 2-1: Ball 3-1: Called Strike 3-2: Base on Balls
|
|
Batting: LHB Mike L Hart
|
0-0: Called Strike 0-1: Foul Ball, location: 2F 0-2: Ball 1-2: Fly out, F8 (Flyball, 78S, EV 93.1 MPH)
|
|
Batting: RHB Alfred Welch
|
0-0: Foul Ball, location: 2F 0-1: Foul Ball, location: 2F 0-2: Fielders Choice at 2nd, 6-4 (Groundball, 6, EV 102.5 MPH)
|
| Top of the 8th over - 0 runs, 0 hits, 0 errors, 1 left on base; Birmingham 2 - Jacksonville 8 |
| BOTTOM OF THE 8TH |
|
Jacksonville Suns batting - Pitching for Birmingham Barons : LHP Randall Boyce
|
|
Batting: RHB Lyle Brackenridge
|
0-0: Called Strike 0-1: Foul Ball, location: 2F 0-2: Ball 1-2: DOUBLE (Flyball, 9LD, EV 106.3 MPH)
|
|
Batting: RHB David Hoyt
|
0-0: Ball 1-0: Ball 2-0: Ball 3-0: Base on Balls
|
|
Batting: LHB Pete M O'Brien
|
0-0: Called Strike 0-1: Fly out, F9 (Flyball, 9LM, EV 85.6 MPH)
|
|
Batting: RHB Edward Packard
|
0-0: Ball 1-0: Ball 2-0: Ball 3-0: Called Strike 3-1: Base on Balls Lyle Brackenridge to third David Hoyt to second
|
|
Batting: RHB Adrian Monrreal
|
0-0: Ball 1-0: DOUBLE (Line Drive, 8RXD, EV 103.8 MPH) Lyle Brackenridge scores David Hoyt scores Edward Packard to third Runner from 3rd tries for Home, SAFE, throw by CF to trailing runner, SAFE at third!
|
|
Pitching: RHP Michael Laurent
|
|
|
Pinch Hitting: RHB George DiMatteo
|
0-0: Ball 1-0: Called Strike 1-1: Ball 2-1: Ball 3-1: 2-RUN HOME RUN (Flyball, 7LD, EV 101.9 MPH), Distance : 359 ft
|
|
Batting: LHB Charles Ross
|
0-0: Ball 1-0: SOLO HOME RUN (Flyball, 9D, EV 109.4 MPH), Distance : 377 ft
|
|
Batting: SHB Joe Morales
|
0-0: Foul Ball, location: 2F 0-1: Foul Ball, location: 2F 0-2: Foul Ball, location: 2F 0-2: Strikes out swinging
|
|
Batting: RHB Mark Nocciolo
|
0-0: Called Strike 0-1: SINGLE (Flyball, 78S, EV 93.1 MPH)
|
|
Pinch Hitting: RHB Kevin Coughlon
|
0-0: Ball 1-0: Called Strike 1-1: Ball 2-1: Fly out, F7 (Flyball, 78D, EV 105.6 MPH)
|
| Bottom of the 8th over - 6 runs, 5 hits, 0 errors, 1 left on base; Birmingham 2 - Jacksonville 14 |
| TOP OF THE 9TH |
|
Birmingham Barons batting - Pitching for Jacksonville Suns : LHP Brad Havens
|
|
Now in LF: George DiMatteo
|
|
|
Now in RF: Bobby Barron
|
|
|
Pinch Hitting: RHB Jim Wilson
|
0-0: Called Strike 0-1: Ball 1-1: Ball 2-1: Swinging Strike 2-2: Foul Ball, location: 2F 2-2: Foul Ball, location: 2F 2-2: Fly out, F8 (Flyball, 8RD, EV 85.6 MPH)
|
|
Batting: RHB Jordan Arredondo
|
0-0: Fly out, F7 (Flyball, 7D, EV 90.0 MPH)
|
|
Batting: LHB Vernon Ramie
|
0-0: Foul Ball, location: 2F 0-1: Swinging Strike 0-2: Ground out 4-3 (Groundball, 34D, EV 86.3 MPH)
|
| Top of the 9th over - 0 runs, 0 hits, 0 errors, 0 left on base; Birmingham 2 - Jacksonville 14 |
|